 Dungeon Crawl Stone Soup version 0.20.1-1-g8b1a95d (webtiles) character file.

17909 Sharkie the Impaler (level 12, -1/97 HPs)
             Began as a Merfolk Gladiator on July 14, 2017.
             Was an Elder of Qazlal.
             Slain by Rupert
             ... wielding a +0 great mace of protection
              (37 damage)
             ... on level 3 of the Lair of Beasts on July 16, 2017.
             The game lasted 02:10:49 (14475 turns).

Sharkie the Impaler (Merfolk Gladiator)            Turns: 14475, Time: 02:10:50

Health: -1/97      AC:  9    Str: 19    XL:     12   Next: 52%
Magic:  12/12      EV: 22    Int:  8    God:    Qazlal [****..]
Gold:   686        SH: 13    Dex: 24    Spells: 11/11 levels left

rFire    + . .     SeeInvis .   h - +5 spear (venom) (curse)
rCold    . . .     Gourm    .   t - +0 buckler
rNeg     . . .     Faith    .   o - +1 troll leather armour
rPois    .         Spirit   .   c - +0 helmet
rElec    +         Reflect  .   u - +0 cloak
rCorr    .         Harm     +   M - +0 pair of gloves
MR       +....                  (no boots)
Stlth    ++........             a - amulet of harm
Regen    0.7/turn               H - ring of protection from fire
MPRegen  0.2/turn               g - ring "Muutz" {*Drain rElec MR+ Str+2 Dex+7}

@: repel missiles
A: change form in water, swift swim, stealthy swim
a: Upheaval, Elemental Force, Renounce Religion


You were on level 3 of the Lair of Beasts.
You worshipped Qazlal.
Qazlal was greatly pleased with you.
You were not hungry.

You visited 3 branches of the dungeon, and saw 13 of its levels.
You also visited: Ossuary.

You collected 686 gold pieces.

Inventory:

Hand Weapons
 e - a +6 blowgun
 h - a cursed +5 spear of venom (weapon)
 V - a +2 trident
Missiles
 v - 74 poisoned needles
Armour
 c - a +0 helmet (worn)
 o - a +1 troll leather armour (worn)
 t - a +0 buckler (worn)
 u - a +0 cloak (worn)
 M - a +0 pair of gloves (worn)
 N - a +3 ring mail of magic resistance
Jewellery
 a - an amulet of harm (around neck)
 g - the ring "Muutz" (right hand) {*Drain rElec MR+ Str+2 Dex+7}
   (You took it off a deep elf mage on level 8 of the Dungeon)

   [ring of protection from magic]

   It affects your strength (+2).
   It affects your dexterity (+7).
   It insulates you from electricity.
   It affects your resistance to hostile enchantments.
   It causes draining when unequipped.
 k - an uncursed amulet of guardian spirit
 E - an uncursed ring of protection from magic
 H - a ring of protection from fire (left hand)
 O - an uncursed ring of ice
Wands
 q - a wand of confusion (9/48)
 w - a wand of paralysis (14/24)
 B - a wand of polymorph (15/24)
 D - a wand of clouds (4/9)
 Q - a wand of lightning (9/15)
 S - a wand of scattershot (1/9)
 Z - a wand of flame (18/48)
Scrolls
 d - a scroll of enchant armour
 l - 2 scrolls of recharging
 m - 2 scrolls of magic mapping
 r - a scroll of identify
 s - 2 scrolls of fear
 x - 6 scrolls of remove curse
 I - 4 scrolls of teleportation
 J - a scroll of amnesia
Potions
 b - a potion of berserk rage
 i - 4 potions of lignification
 j - 3 potions of flight
 n - 3 potions of brilliance
 p - a potion of magic
 z - 6 potions of curing
 F - a potion of ambrosia {unknown}
 K - a potion of agility {unknown}
 L - a potion of heal wounds
 R - a potion of might
 W - 2 potions of haste
Books
 y - a book of Enchantments

   Spells                             Type                      Level
   a - Cause Fear                     Hexes                        4
   b - Yara's Violent Unravelling     Hexes/Transmutation          5
   c - Silence                        Hexes/Air                    5
   d - Deflect Missiles               Charms/Air                   6
   e - Discord                        Hexes                        8
Miscellaneous
 X - a box of beasts
Comestibles
 f - 6 bread rations
 A - a fruit
 C - 8 royal jellies
 G - 2 chunks of flesh
 P - 5 meat rations


   Skills:
 + Level 9.8 Fighting
 + Level 16.6 Polearms
 + Level 2.6 Throwing
 + Level 5.0 Armour
 + Level 10.5 Dodging
 - Level 5.2 Stealth
 + Level 7.9 Shields
 + Level 0.4 Evocations


You had 11 spell levels left.
You didn't know any spells.

Dungeon Overview and Level Annotations

Branches:
Dungeon (9/15)             Temple (1/1) D:7            Lair (3/6) D:9
  Snake (0/4) Lair:2
  Swamp: Lair:2-4    Shoals: Lair:2-4       Orc: D:9-12

Altars:
Ashenzari
Cheibriados
Dithmenos
Elyvilon
Fedhas
Gozag
Hepliaklqana
Kikubaaqudgha
Makhleb
Nemelex Xobeh
Okawaru
Qazlal
Ru
Sif Muna
Trog
Uskayaw
Vehumet
Xom
Yredelemnul
Zin
The Shining One

Shops:
D:6 [

Annotations:
Lair:3 Rupert


Message History

Rupert is almost dead.
You block Rupert's attack.
You hit Rupert.
Rupert looks as sick as possible!
Rupert is almost dead.
You hit Rupert.
Rupert looks as sick as possible!
Rupert is almost dead.
Rupert hits you but does no damage.
You closely miss Rupert.
Rupert is almost dead.
A queen bee comes into view.
You closely miss Rupert.
Rupert is almost dead.
The queen bee buzzes angrily.
You block Rupert's attack.
You hit Rupert but do no damage.
Rupert looks as sick as possible!
Rupert is almost dead.
You barely miss Rupert.
Rupert is almost dead.
Rupert hits you with a great mace of protection!!
You die...

#.##..#
#####
#....##
#.#.##
######..###
##....
#P##P#.##
####.
##......# #.
#...#.### #.
##†##### ##.
#†)###.###.#
#..
##.@††(..y.#
##.
#@##.....##
#. #†#
.###.# ##.
..# .# #..
..## .# ###
≈P. .# #
P≈P≈ .#
..≈.≈ .#
##### ...≈..
#.#.##


You could see Rupert (berserk) and a queen bee.

Vanquished Creatures
  Fannar (Lair:3)
  3 two-headed ogres
  Pikel (D:9)
  A deep elf mage (D:8)
  An efreet (D:8)
  3 spiny frogs
  3 komodo dragons
  The ghost of Begomoth the Digger, a novice GrEE (Ossuary)
  A troll (D:9)
  A polar bear (Lair:2)
  3 blink frogs (Lair:1)
  5 hippogriffs
  4 dream sheep (Lair:2)
  2 hogs (D:7)
  5 basilisks
  8 yaks
  2 hungry ghosts (D:8)
  A human (D:7)
  3 nagas (Lair:2)
  5 porcupines
  4 water moccasins
  2 orc warriors
  2 ice beasts (D:6)
  4 phantoms
  An eye of draining (D:8)
  2 slaves (D:9)
  A necrophage (D:9)
  A sky beast (D:6)
  3 ogres
  4 wolves (Lair:1)
  5 centaurs
  A crocodile (Lair:3)
  8 bullfrogs
  6 scorpions
  18 killer bees (Lair:3)
  18 wights
  A jelly (D:5)
  2 bullfrog zombies
  3 howler monkeys
  2 crimson imps (D:9)
  A quasit (D:7)
  A gnoll shaman (D:6)
  A centaur zombie (D:9)
  5 hounds
  2 orc priests
  A centaur skeleton (D:8)
  5 iguanas
  Ijyb (D:4)
  9 orc wizards
  2 worker ants
  7 big kobold zombies (Ossuary)
  2 hound zombies
  A mummy (Ossuary)
  A howler monkey zombie (D:5)
  10 gnolls
  11 adders
  A shadow imp (D:6)
  An adder zombie (D:8)
  An adder skeleton (D:5)
  A worm (D:2)
  A dart slug (D:4)
  4 leopard geckos
  31 orcs
  3 spectral bats (Ossuary)
  2 bats
  3 giant cockroaches
  5 gnoll zombies (Ossuary)
  9 hobgoblins
  5 jackals
  2 quokkas (D:3)
  A ball python (D:3)
  5 bat simulacra (Ossuary)
  4 frilled lizards
  13 goblins
  6 goblin zombies (Ossuary)
  2 hobgoblin zombies (Ossuary)
  8 kobolds
  3 kobold simulacra (Ossuary)
  5 kobold zombies (Ossuary)
  3 orc zombies (Ossuary)
  A quokka skeleton (D:6)
  A quokka zombie (D:7)
  7 rats
  3 rat simulacra (Ossuary)
  5 spectral goblins (Ossuary)
  3 spectral kobolds (Ossuary)
  2 spectral rats (Ossuary)
343 creatures vanquished.

Vanquished Creatures (others)
  A slave (D:9)
  A killer bee (Lair:3)
  A howler monkey zombie (D:8)
  A goblin zombie (Ossuary)
  A kobold zombie (Ossuary)
  3 fungi
  8 plants
16 creatures vanquished.

Grand Total: 359 creatures vanquished

Notes
Turn   | Place    | Note
-------+----------+-------------------------------------------
     0 | D:1      | Sharkie the Merfolk Gladiator began the quest for the Orb.
     0 | D:1      | Reached XP level 1. HP: 16/16 MP: 1/1
   458 | D:1      | Reached XP level 2. HP: 22/22 MP: 2/2
   583 | D:1      | Reached skill level 5 in Polearms
   954 | D:1      | Reached XP level 3. HP: 23/27 MP: 3/3
  1869 | D:2      | Reached XP level 4. HP: 27/33 MP: 4/4
  2069 | D:2      | Reached skill level 6 in Polearms
  2675 | D:3      | Reached XP level 5. HP: 31/39 MP: 5/5
  2849 | D:3      | Found a shadowy altar of Dithmenos.
  3059 | D:3      | Reached skill level 7 in Polearms
  3073 | D:3      | Reached skill level 1 in Stealth
  3443 | D:3      | Found a sparkling altar of Nemelex Xobeh.
  3701 | D:4      | Reached skill level 1 in Armour
  3837 | D:4      | Noticed Ijyb
  3878 | D:4      | Killed Ijyb
  3878 | D:4      | Reached XP level 6. HP: 37/46 MP: 6/6
  3943 | D:4      | Reached skill level 5 in Dodging
  4208 | D:4      | Found a shattered altar of Ashenzari.
  4719 | D:4      | Reached skill level 8 in Polearms
  4988 | D:5      | Entered Level 5 of the Dungeon
  4996 | D:5      | Found an iron altar of Okawaru.
  5027 | D:5      | Reached XP level 7. HP: 16/51 MP: 7/7
  6299 | D:6      | Reached skill level 9 in Polearms
  6356 | D:6      | Reached XP level 8. HP: 48/58 MP: 8/8
  6446 | D:6      | Reached skill level 1 in Shields
  6629 | D:6      | Reached skill level 10 in Polearms
  6635 | D:6      | Found Curher's Antique Armour Boutique.
  6767 | D:6      | Found a burning altar of Makhleb.
  6767 | D:6      | Noticed a green death
  6770 | D:6      | Noticed an orange demon
  6770 | D:6      | Noticed a hellwing
  7032 | D:6      | Reached skill level 11 in Polearms
  7416 | D:7      | Found a stormy altar of Qazlal.
  7423 | D:7      | Became a worshipper of Qazlal Stormbringer
  7555 | D:7      | Reached XP level 9. HP: 52/67 MP: 9/9
  7754 | D:7      | Reached skill level 5 in Fighting
  7869 | D:7      | Reached skill level 12 in Polearms
  8062 | D:7      | Found a staircase to the Ecumenical Temple.
  8067 | Temple   | Entered the Ecumenical Temple
  8467 | D:7      | Found a hazy altar of Hepliaklqana.
  8779 | D:7      | Found a white marble altar of Elyvilon.
  8782 | D:7      | Found a bloodstained altar of Trog.
  9169 | D:8      | Reached * piety under Qazlal
  9169 | D:8      | Reached skill level 13 in Polearms
  9169 | D:8      | Reached XP level 10. HP: 61/76 MP: 8/10
  9540 | D:8      | Found a sand-covered staircase.
  9557 | Ossuary  | Entered an ossuary
  9596 | Ossuary  | Noticed Begomoth's ghost (novice GrEE)
  9616 | Ossuary  | Killed Begomoth's ghost
  9623 | Ossuary  | Reached ** piety under Qazlal
  9950 | Ossuary  | Reached *** piety under Qazlal
 10242 | D:8      | Reached skill level 14 in Polearms
 10483 | D:8      | Noticed a deep elf mage
 10484 | D:8      | Found a basalt altar of Yredelemnul.
 10495 | D:8      | Killed a deep elf mage
 10497 | D:8      | Got a scintillating platinum ring
 10526 | D:8      | Identified the ring "Muutz" {*Drain rElec MR+ Str+2 Dex+7} (You took it off a deep elf mage on level 8 of the Dungeon)
 10646 | D:8      | Noticed a two-headed ogre
 10666 | D:8      | Killed a two-headed ogre
 10791 | D:8      | Reached XP level 11. HP: 63/84 MP: 11/11
 11223 | D:9      | Noticed a two-headed ogre
 11235 | D:9      | Noticed a two-headed ogre
 11238 | D:9      | Killed a two-headed ogre
 11238 | D:9      | Reached skill level 15 in Polearms
 11238 | D:9      | Reached skill level 5 in Stealth
 11254 | D:9      | Killed a two-headed ogre
 11264 | D:9      | Reached skill level 5 in Shields
 11537 | D:9      | Found a deep blue altar of Sif Muna.
 11538 | D:9      | Noticed Pikel
 11567 | D:9      | Killed Pikel
 11977 | D:9      | Found a staircase to the Lair.
 12176 | Lair:1   | Entered Level 1 of the Lair of Beasts
 12183 | Lair:1   | Reached **** piety under Qazlal
 12510 | Lair:1   | Reached skill level 16 in Polearms
 13189 | Lair:2   | Reached XP level 12. HP: 87/95 MP: 12/12
 13247 | Lair:2   | Reached skill level 10 in Dodging
 13667 | Lair:2   | Found a staircase to the Snake Pit.
 14299 | Lair:3   | Noticed Fannar
 14345 | Lair:3   | Killed Fannar
 14345 | Lair:3   | Reached skill level 5 in Armour
 14415 | Lair:3   | Noticed Rupert
 14421 | Lair:3   | Paralysed by Rupert for 3 turns
 14475 | Lair:3   | Slain by Rupert

Skill      XL: |  1  2  3  4  5  6  7  8  9 10 11 12 |
---------------+-------------------------------------+-----
Polearms       | 5 6 7 8 9 11 13 14 16 | 16.6
Stealth        | 1 2 3 4 5 |  5.2
Armour         | 1 2 3 4 5 |  5.0
Dodging        | 5 6 7 8 9 10 | 10.5
Fighting       | 3 4 6 7 9 |  9.8
Shields        | 1 2 4 6 7 |  7.9
Throwing       | |  2.6
Evocations     | |  0.4

Action                   |  1- 3 |  4- 6 |  7- 9 | 10-12 || total
-------------------------+-------+-------+-------+-------++-------
Melee: Trident           |   121 |   266 |   475 |   497 ||  1359
       Spear             |       |       |       |   543 ||   543
       Tailslap          |       |       |       |     3 ||     3
Throw: Throwing net      |       |     2 |     3 |     1 ||     6
Evoke: Wand              |       |       |     1 |     1 ||     2
  Use: Potion            |       |       |     2 |     5 ||     7
       Scroll            |       |       |     8 |    18 ||    26
 Stab: Sleeping          |     1 |     2 |     3 |       ||     6
       Held in net/web   |       |     2 |     1 |     1 ||     4
       Distracted        |       |     1 |       |       ||     1
       Confused          |       |       |     2 |       ||     2
  Eat: Chunk             |     3 |     9 |    10 |    23 ||    45
       Meat ration       |       |       |     1 |       ||     1
       Bread ration      |       |       |       |     1 ||     1
Armor: Leather armour    |    15 |    43 |     2 |       ||    60
       Ring mail         |       |       |    73 |    57 ||   130
       Skin              |       |       |       |    39 ||    39
       Troll leather arm |       |       |       |    14 ||    14
Dodge: Dodged            |    60 |   135 |   174 |   212 ||   581
       Deflected         |       |       |       |     1 ||     1
Block: Buckler           |       |    22 |    50 |   236 ||   308
